 Dungeon Crawl Stone Soup version 0.28-a0-1485-g077359a4bf (webtiles) character file.

Game seed: 3512974878078167790

38661 kae the Martial Artist (level 13, -12/139 HPs)
             Began as a Purple Draconian Transmuter on Jan 11, 2022.
             Was a High Priest of Ru.
             Mangled by a boulder beetle (48 damage)
             ... on level 3 of the Lair of Beasts.
             The game lasted 00:15:10 (22706 turns).

kae the Martial Artist (DrTm)                      Turns: 22706, Time: 00:15:10

Health: -12/139    AC:  9    Str: 12    XL:     13   Next: 65%
Magic:  25/25      EV: 17    Int: 19    God:    Ru [*****.]
Gold:   1116       SH:  0    Dex: 12    Spells: 20/28 levels left

rFire   x . .      SeeInvis +     - Unarmed
rCold   + + +      Faith    .   (shield currently unavailable)
rNeg    . . .      Spirit   .   (armour unavailable)
rPois   +          Reflect  .   (helmet currently unavailable)
rElec   .          Harm     .   (cloak currently unavailable)
rCorr   .          Rampage  .   (gloves currently unavailable)
Will    +....                   (boots currently unavailable)
Stlth   ..........              A - amulet of regeneration
HPRegen 1.13/turn               a - +4 ring of evasion
MPRegen 0.19/turn               c - ring of see invisible

@: ice-form (expiring), unable to read
A: freezing attack, amphibious, boosted hp, (breathe power), AC +8, large,
unfitting armour, (cold-blooded), inability to read while threatened, no
stealth, inability to use devices, hated by all, (big wings)
a: End Transformation, Renounce Religion, Draw Out Power, Power Leap, Apocalypse


You were on level 3 of the Lair of Beasts.
You worshipped Ru.
Ru was extremely pleased with you.
You were a creature of crystalline ice.
You visited 3 branches of the dungeon, and saw 17 of its levels.

You collected 1116 gold pieces.

Inventory:

Missiles
 p - 2 throwing nets
Armour
 E - a +2 hat
Jewellery
 a - a +4 ring of evasion (left front paw)
 c - a ring of see invisible (right front paw)
 q - an amulet of magic regeneration
 s - an amulet of the acrobat
 w - a +4 ring of evasion
 y - a ring of protection from cold
 A - an amulet of regeneration (around neck)
 B - a ring of ice
Scrolls
 b - a scroll of silence
 l - 3 scrolls of blinking
 r - 8 scrolls of identify
 t - a scroll of fog
 u - a scroll of enchant armour
 x - 3 scrolls of magic mapping
 D - a scroll of teleportation
Potions
 e - 4 potions of curing
 f - 5 potions of lignification
 i - 2 potions of magic
 j - a potion of attraction
 m - 2 potions of haste
 n - a potion of ambrosia
 z - 2 potions of heal wounds
 C - a potion of might


   Skills:
 + Level 11.1 Fighting
 + Level 9.6 Dodging
 * Level 14.4 Unarmed Combat
 - Level 8.0 Spellcasting
 - Level 11.0 Transmutations
 - Level 3.0 Ice Magic
 - Level 1.0 Poison Magic


You had 20 spell levels left.
You knew the following spells:

 Your Spells              Type           Power      Damage    Failure   Level
a - Beastly Appendage     Tmut           98%        N/A       1%          1
b - Spider Form           Tmut/Pois      30%        N/A       2%          3
c - Ice Form              Ice/Tmut       34%        N/A       4%          4

Your spell library contained the following spells:

 Spells                   Type           Power      Damage    Failure   Level
 Sting                    Tmut/Pois      100%       1d8       1%          1
 Wereblood                Tmut           49%        N/A       1%          2
 Apportation              Tloc           14%        N/A       9%          1
 Pain                     Necr           28%        1d5       9%          1
 Shock                    Conj/Air       28%        1d4       9%          1
 Poisonous Vapours        Pois/Air       18%        N/A       11%         2
 Swiftness                Air            7%         N/A       26%         3
 Olgreb's Toxic Radiance  Pois           11%        N/A       52%         4
 Airstrike                Air            3%         N/A       65%         4
 Agony                    Necr           7%         N/A       94%         5
 Excruciating Wounds      Necr           3%         N/A       94%         5
 Ozocubu's Refrigeration  Ice            9%         4d6       100%        7
 Ignition                 Fire           3%         3d4       100%        8
 Animate Skeleton         Necr           Unusable   N/A       N/A         1
 Summon Small Mammal      Summ           Unusable   N/A       N/A         1
 Call Canine Familiar     Summ           Unusable   N/A       N/A         3
 Summon Guardian Golem    Hex/Summ       Unusable   N/A       N/A         3

Dungeon Overview and Level Annotations

Branches:
Dungeon (13/15)            Temple (1/1) D:7            Lair (3/6) D:8
    Orc (0/2) D:11
  Swamp: Lair:2-4    Shoals: Lair:2-4     Snake: Lair:2-4    Spider: Lair:2-4
 Vaults: D:13-14

Altars:
Ashenzari
Cheibriados
Dithmenos
Elyvilon
Fedhas
Gozag
Hepliaklqana
Kikubaaqudgha
Makhleb
Nemelex Xobeh
Okawaru
Qazlal
Ru
Sif Muna
Trog
Uskayaw
Vehumet
Wu Jian
Xom
Yredelemnul
Zin
The Shining One

Shops:
D:6 [   D:7 (

Portals:
Trove: D:12 (show abyssal rune of Zot)

Annotations:
D:6 2 transporters, GrimJard's ghost, novice DrCj
D:9 2 transporters, wineyard's ghost, novice FeAE
Lair:2 exclusion: oklob plant


Innate Abilities, Weirdness & Mutations

You are a creature of crystalline ice.
You have a powerful freezing melee attack.
You are amphibious.
Your maximum health is increased.
Your armour is entirely melded.
You are incapable of wielding weapons or throwing items.
((You can breathe bolts of dispelling energy.))
((Your rich purple scales are hard. (AC +8)))
You cannot fit into any form of body armour.
((You are cold-blooded and may be slowed by cold attacks.))
You sometimes lose the ability to read scrolls when taking damage.
You cannot be stealthy.
You cannot study or use magical devices.
You are hated by all.
((Your large and strong wings let you fly.))


Message History

The death yak gores you!
You focus your inner power and illuminate the death yak in retribution!
You hit the death yak but do no damage.
The death yak is heavily wounded.
You hit the death yak but do no damage.
The death yak is heavily wounded.
The death yak gores you.
You pummel the death yak!! You freeze the death yak!
The death yak is severely wounded.
You punch the death yak! You freeze the death yak.
The death yak is lightly wounded.
You hit the death yak. You freeze the death yak.
The death yak is lightly wounded.
You hit the death yak. You freeze the death yak.
The death yak is moderately wounded.
The death yak gores you!!
You focus your inner power and slow the death yak in retribution!
You hit the death yak but do no damage.
The death yak is moderately wounded.
You hit the death yak but do no damage.
The death yak is moderately wounded.
The death yak gores you! The death yak completely misses you. x2
You punch the death yak! You freeze the death yak.
The death yak is moderately wounded.
The death yak gores you!!
You feel threatened and lose the ability to read scrolls!
The death yak barely misses you.
You punch the death yak! You freeze the death yak.
The death yak is heavily wounded.
The death yak is no longer moving slowly.
The death yak stops glowing.
The death yak misses you. The death yak gores you!!
The death yak closely misses you. The death yak gores you!!
* * * LOW HITPOINT WARNING * * *
The death yak gores you!
* * * LOW HITPOINT WARNING * * *
Your transformation is almost over.
The boulder beetle curls into a ball and begins rolling!
The boulder beetle hits you!!!
You die...

♣♣.♣... ♣♣♣#.. ♣P.. ... ♣P.. ....
##.. .... .... .... .....
...####### ####### #####.
...#...Y.# ♣♣.Y...♣♣ ♣.♣ #.
...#.♣.♣.♣♣♣♣♣.BPPP..♣♣♣♣♣♣♣.♣♣#.
.....♣.♣..YY.Y.○P≈P.........♣..†.
...#.♣♣♣(♣♣♣♣♣.°PPP..♣♣♣♣♣♣♣.♣♣#.
...#.♣ ♣.# ♣♣/°°..♣♣ ♣.♣ #.
...### #########♣†♣###### ### #.
.[Y# ♣≈≈≈≈ ♣.♣≈≈≈≈≈♣# #. ..Y#
≈≈≈≈≈≈♣.♣≈≈≈≈≈≈# #. ...#
≈≈≈≈≈.....≈≈≈≈≈# #.


You could see 2 death yaks and a boulder beetle (rolling).

Vanquished Creatures
  Gastronok (Lair:3)
  Harold (D:11)
  6 hydras
  A boulder beetle (D:12)
  8 two-headed ogres
  3 death yaks (Lair:3)
  A fire crab (Lair:1)
  A deep elf pyromancer (D:12)
  3 manticores
  Maurice (D:11)
  3 black mambas (Lair:1)
  A gargoyle (D:11)
  A torpor snail (Lair:1)
  8 cane toads
  A rime drake (Lair:2)
  6 komodo dragons
  2 trolls
  2 tengu conjurers
  Prince Ribbit (D:7)
  A tyrant leech (Lair:3)
  4 slime creatures (D:12)
  A blink frog (shapeshifter) (D:11)
  A shadow (D:11)
  2 wraiths
  3 wyverns
  25 yaks
  3 basilisks
  Grum (D:11)
  4 steam dragons
  Menkaure (D:7)
  2 swamp worms (Lair:3)
  25 water moccasins
  Duvessa (D:7)
  2 acid dragons
  A swamp drake (Lair:1)
  5 orc warriors
  4 ice beasts
  A sky beast (D:6)
  2 black bears
  A hornet zombie (D:9)
  A necrophage (D:5)
  2 ogres (D:5)
  8 wolves
  4 centaurs
  4 kobold brigands
  A wyvern zombie (D:9)
  9 bullfrogs
  A gnoll sergeant (D:6)
  Dowan (D:7)
  A killer bee (D:11)
  3 wights (D:10)
  A howler monkey (D:9)
  2 bullfrog zombies
  12 centaur zombies
  A jelly (D:6)
  8 orc priests
  3 gnoll shamans
  4 hounds
  A bullfrog skeleton (D:7)
  13 orc wizards
  3 iguanas
  2 killer bee zombies
  3 howler monkey zombies
  14 gnolls
  A howler monkey skeleton (D:5)
  25 adders
  A white imp (D:6)
  2 ufetubi
  An adder skeleton (D:4)
  4 worms
  2 dart slugs
  60 orcs
  5 bats
  8 endoplasms
  A giant cockroach (D:2)
  7 hobgoblins
  12 jackals
  22 kobolds
  A quokka (D:2)
  10 ball pythons
  4 frilled lizards
  7 goblins
  8 rats
424 creatures vanquished.

Vanquished Creatures (others)
  A hydra (Lair:1)
  A two-headed ogre (D:12)
  A water moccasin (Lair:1)
  A black bear (Lair:1)
  A hell rat (Lair:1)
  An ufetubus (D:6)
  A bush (D:8)
  4 fungi (D:8)
  20 plants
31 creatures vanquished.

Grand Total: 455 creatures vanquished

Notes
Turn   | Place    | Note
-------+----------+-------------------------------------------
     0 | D:1      | kae the Draconian Transmuter began the quest for the Orb.
     0 | D:1      | Reached XP level 1. HP: 16/16 MP: 3/3
   222 | D:1      | Reached XP level 2. HP: 23/23 MP: 3/5
  1123 | D:2      | Reached XP level 3. HP: 15/28 MP: 4/6
  2339 | D:2      | Learned a level 3 spell: Spider Form
  2345 | D:3      | Reached XP level 4. HP: 30/35 MP: 4/8
  2571 | D:3      | Reached skill level 1 in Poison Magic
  2641 | D:3      | Noticed a phantom
  2765 | D:3      | Learned a level 4 spell: Ice Form
  3272 | D:4      | Reached XP level 5. HP: 38/40 MP: 5/9
  3272 | D:4      | Found a radiant altar of Vehumet.
  3481 | D:4      | Noticed a black bear
  3496 | D:4      | Killed a black bear
  3497 | D:4      | Reached skill level 5 in Transmutations
  3567 | D:4      | Noticed an ice beast
  3573 | D:4      | Reached XP level 6. HP: 47/47 MP: 6/11
  3581 | D:4      | Killed an ice beast
  4568 | D:4      | Found a shadowy altar of Dithmenos.
  4704 | D:5      | Entered Level 5 of the Dungeon
  4733 | D:5      | Your scales start taking on a rich purple colour.
  4733 | D:5      | Reached skill level 5 in Spellcasting
  4733 | D:5      | Reached XP level 7. HP: 43/52 MP: 11/14
  5674 | D:5      | Found a broken altar of Ashenzari.
  5813 | D:5      | Found a white marble altar of Elyvilon.
  5845 | D:5      | Reached XP level 8. HP: 59/59 MP: 13/17
  7051 | D:6      | Noticed a queen bee
  7052 | D:6      | Noticed a hornet
  7059 | D:6      | Noticed GrimJard's ghost (novice DrCj)
  7074 | D:6      | Found a transporter.
  7078 | D:6      | Found a transporter.
  7081 | D:6      | Found Vonilotasya's Antique Armour Emporium.
  8237 | D:7      | Found a snail-covered altar of Cheibriados.
  8288 | D:7      | Noticed Prince Ribbit
  8293 | D:7      | Reached XP level 9. HP: 64/64 MP: 20/20
  8310 | D:7      | Killed Prince Ribbit
  8311 | D:7      | Reached skill level 10 in Transmutations
  8424 | D:7      | Noticed Menkaure
  8435 | D:7      | Killed Menkaure
  8652 | D:7      | Reached skill level 4 in Unarmed Combat
  8680 | D:7      | Noticed Duvessa
  8680 | D:7      | Noticed Dowan
  8685 | D:7      | Killed Dowan
  8693 | D:7      | Killed Duvessa
  8835 | D:7      | Found a staircase to the Ecumenical Temple.
  8922 | Temple   | Entered the Ecumenical Temple
  9032 | Temple   | Became a worshipper of Ru the Awakened
  9511 | D:7      | Reached skill level 5 in Unarmed Combat
  9623 | D:7      | Found Laitif's Weapon Shop.
  9847 | D:7      | Found a hazy altar of Hepliaklqana.
 10397 | D:8      | Noticed a tengu conjurer
 10413 | D:8      | Killed a tengu conjurer
 10481 | D:8      | Found an ancient bone altar of Kikubaaqudgha.
 10606 | D:8      | Found a glowing golden altar of the Shining One.
 10857 | D:8      | Reached skill level 6 in Unarmed Combat
 10929 | D:8      | Reached XP level 10. HP: 66/80 MP: 22/22
 11109 | D:8      | Reached skill level 7 in Unarmed Combat
 11121 | D:8      | Reached skill level 5 in Fighting
 11467 | D:8      | Found a staircase to the Lair.
 11486 | D:8      | Gained mutation: You cannot be stealthy. [Ru sacrifice]
 11802 | D:9      | Found an ornate altar of the Wu Jian Council.
 11809 | D:9      | Found a glowing silver altar of Zin.
 11809 | D:9      | Found a burning altar of Makhleb.
 12176 | D:9      | Noticed wineyard's ghost (novice FeAE)
 12177 | D:9      | Found a transporter.
 12178 | D:9      | Noticed a two-headed ogre
 12178 | D:9      | Noticed a two-headed ogre
 12178 | D:9      | Identified the +3 great mace of Baloz {flame, Will++ Dex+4}
 12178 | D:9      | Noticed a two-headed ogre
 12179 | D:9      | Noticed a two-headed ogre
 12181 | D:9      | Noticed a two-headed ogre
 12182 | D:9      | Found a transporter.
 12645 | D:9      | Reached skill level 5 in Dodging
 12659 | D:9      | Reached skill level 8 in Unarmed Combat
 12830 | D:9      | Found a basalt altar of Yredelemnul.
 13144 | D:10     | Entered Level 10 of the Dungeon
 13156 | D:10     | Noticed a two-headed ogre
 13169 | D:10     | Killed a two-headed ogre
 13549 | D:10     | Reached skill level 9 in Unarmed Combat
 13671 | D:10     | Noticed a two-headed ogre
 14225 | D:9      | Reached XP level 11. HP: 79/91 MP: 18/23
 14816 | D:10     | Killed a two-headed ogre
 15146 | D:11     | Found a blossoming altar of Fedhas.
 15396 | D:11     | Reached skill level 10 in Unarmed Combat
 15905 | D:11     | Noticed a two-headed ogre
 15914 | D:11     | Noticed a two-headed ogre
 15917 | D:11     | Killed a two-headed ogre
 15918 | D:11     | Noticed a four-headed hydra
 15920 | D:11     | Noticed Harold
 16265 | D:11     | Noticed Grum
 16283 | D:11     | Killed Grum
 16535 | D:11     | Gained mutation: You are hated by all. [Ru sacrifice]
 16535 | D:11     | Reached * piety under Ru
 16535 | D:11     | Reached ** piety under Ru
 16700 | D:11     | Found a staircase to the Orcish Mines.
 16882 | D:11     | Noticed a two-headed ogre
 16892 | D:11     | Killed a two-headed ogre
 16893 | D:11     | Reached skill level 11 in Unarmed Combat
 17161 | D:11     | Noticed Maurice
 17167 | D:11     | Gained mutation: Your large and strong wings let you fly.
                  | [potion of mutation]
 17178 | D:11     | Killed Harold
 17182 | D:11     | Killed Maurice
 17205 | D:11     | Reached XP level 12. HP: 40/103 MP: 24/24
 17236 | D:11     | Noticed a two-headed ogre
 17241 | D:11     | Killed a two-headed ogre
 17271 | D:11     | Killed a two-headed ogre
 17670 | D:11     | Killed a four-headed hydra
 17671 | D:11     | Reached skill level 12 in Unarmed Combat
 18012 | D:12     | Noticed a two-headed ogre
 18038 | D:12     | Killed a two-headed ogre
 18039 | D:12     | Reached skill level 1 in Ice Magic
 18608 | D:12     | Found a portal to a secret trove of treasure.
 18724 | D:12     | Noticed a two-headed ogre
 18734 | D:12     | Killed a two-headed ogre
 19014 | D:12     | Noticed a two-headed ogre
 19021 | D:12     | Killed a two-headed ogre
 19233 | D:12     | Noticed a boulder beetle
 19499 | D:12     | Killed a boulder beetle
 19874 | Lair:1   | Entered Level 1 of the Lair of Beasts
 20142 | Lair:1   | Gained mutation: You sometimes lose the ability to read
                  | scrolls when taking damage. [Ru sacrifice]
 20142 | Lair:1   | Reached *** piety under Ru
 20368 | Lair:1   | Noticed a seven-headed hydra
 20386 | Lair:1   | Killed a seven-headed hydra
 20394 | Lair:1   | Reached skill level 13 in Unarmed Combat
 20754 | Lair:1   | Reached skill level 10 in Fighting
 20779 | Lair:1   | Reached XP level 13. HP: 91/113 MP: 21/25
 21992 | Lair:2   | Found a burning altar of Makhleb.
 22227 | Lair:2   | You are sucked into a shaft and drop 1 floor!
 22456 | Lair:3   | Reached skill level 14 in Unarmed Combat
 22486 | Lair:3   | Noticed Gastronok
 22510 | Lair:3   | Killed Gastronok
 22568 | Lair:3   | Gained mutation: You cannot study or use magical devices.
                  | [Ru sacrifice]
 22568 | Lair:3   | Reached **** piety under Ru
 22568 | Lair:3   | Reached ***** piety under Ru
 22706 | Lair:3   | Mangled by a boulder beetle

Illustrated notes

Levels and vault maps discovered:
D:1:      amcnicky_arrival_wind_blow, layout_rooms
D:2:      layout_loops_cross, serial_forest, infiniplex_forest_straight_3,
          infiniplex_forest_zigzag_1, infiniplex_forest_straight_4,
          infiniplex_forest_end_3, infiniplex_forest_lined_2,
          infiniplex_forest_lined_2, infiniplex_forest_lined_3,
          infiniplex_forest_end_2, minmay_surrounded
D:3:      layout_loops_ring
D:4:      layout_basic, vehumet_altar_wand_db, lemuel_crystal_altar,
          mrwooster_statue_mirror, st_stairs_4, dk_noncrumbling_2,
          chequers_serial_rivers_large_a
D:5:      layout_loops_ring, ashenzari_altar_1, kennysheep_mini
D:6:      layout_layer_cave, serial_shops, nicolae_take_the_stairs,
          gammafunk_ghost_hive, grunt_ministairs_6
D:7:      layout_basic, kennysheep_mini_moat, cheibriados_altar_1,
          minmay_temple_entry_purple_smoke, serial_shops, nicolae_shop_stone,
          nrook_campfire, uniq_menkaure, uniq_duvessa, uniq_prince_ribbit1
D:8:      layout_basic, nicolae_tso_swordbearing_angel, kiku_gazebo_pond_becter,
          minmay_lair_entry_grove
D:9:      layout_basic, grunt_temple_overflow_open,
          nicolae_yredelemnul_corpse_copse, gammafunk_ghost_smash
D:10:     layout_long_grid, kennysheep_flooded_box, lemuel_flame_loot_1
D:11:     cheibrodos_fzero, layout_loops_corners, hiddenorc2_lemuel,
          fedhas_altar_2, uniq_harold, uniq_maurice, uniq_grum
D:12:     layout_small_grid, enter_trove_3
D:13:     layout_loops_ring, nicolae_two_hexagons
Temple:   compressed_dpeg_circular_temple
Lair:1:   lemuel_reptile_caves, layout_loops_ring, nicolae_lair_lakeside_cave
Lair:2:   layout_roguey, small_statue_intersection, lemuel_oklob_altar
Lair:3:   nzn_winding_woodlands_large [nzn_winding_woodlands_hourglass,
          nzn_winding_woodlands_5x15_concentric,
          nzn_winding_woodlands_5x5_perimeter,
          nzn_winding_woodlands_center_pierced_h,
          nzn_winding_woodlands_15x15_eel_pit,
          nzn_winding_woodlands_center_triple_pond,
          nzn_winding_woodlands_5x5_cross, nzn_winding_woodlands_5x15_garden,
          nzn_winding_woodlands_5x5_three], layout_chaotic_city,
          palyth_hydra_swamp_entry, nicolae_spider_entry_non_spiders,
          nicolae_volcano_entry_lava_flow, beast_lair_carwin_6,
          lemuel_fruit_tree, uniq_fannar, uniq_gastronok

Skill      XL: |  1  2  3  4  5  6  7  8  9 10 11 12 13 |
---------------+----------------------------------------+-----
Transmutations | 3 4 5 6 7 9 10 11 | 11.0
Poison Magic   | 1 |  1.0
Spellcasting   | 3 5 6 7 8 |  8.0
Dodging        | 4 5 7 8 9 |  9.6
Fighting       | 4 6 8 10 11 | 11.1
Unarmed Combat | 6 9 11 13 14 | 14.4
Ice Magic      | 3 |  3.0

Action                   |  1- 3 |  4- 6 |  7- 9 | 10-12 | 13-15 || total
-------------------------+-------+-------+-------+-------+-------++-------
Melee: Unarmed           |   128 |   158 |   395 |   659 |   178 ||  1518
       Kick              |    17 |     8 |       |       |       ||    25
       Tailslap          |    15 |     1 |     6 |    10 |       ||    32
       Headbutt          |    15 |     2 |       |       |       ||    17
       Punch             |       |       |     1 |     3 |       ||     4
 Cast: Beastly Appendage |    23 |     7 |       |       |       ||    30
       Spider Form       |     1 |    19 |    13 |       |       ||    33
       Ice Form          |       |     1 |    27 |    65 |    14 ||   107
Invok: Sacrifice Stealth |       |       |       |     1 |       ||     1
       Sacrifice Love    |       |       |       |     1 |       ||     1
       Sacrifice Words   |       |       |       |     1 |       ||     1
       Sacrifice Artific |       |       |       |       |     1 ||     1
 Abil: Breathe Dispellin |       |       |     3 |     1 |       ||     4
Evoke: Wand              |       |       |       |     2 |       ||     2
  Use: Scroll            |     4 |     5 |     6 |     5 |     2 ||    22
       Potion            |     1 |       |     5 |     4 |       ||    10
 Stab: Sleeping          |     1 |       |       |       |       ||     1
       Invisible         |       |       |       |     1 |       ||     1
Armor: Skin              |    29 |    17 |    91 |   156 |    28 ||   321
Dodge: Dodged            |   124 |   144 |   349 |   483 |   107 ||  1207

Table legend: (Time is in decaauts)
 A = Elapsed time spent in this place.
 B = Non-inter-level travel time spent in this place.
 C = Inter-level travel time spent in this place.
 D = Time resting spent in this place.
 E = Time spent auto-exploring this place.
 F = Levels seen in this place.
 G = Mean time per level.
                   A        B        C        D        E       F      G
               +--------+--------+--------+--------+--------+-----+--------+
         Total |  22522 |  21743 |    779 |   1491 |  16965 |  17 | 1324.8 |
       Dungeon |  19634 |  18908 |    726 |   1448 |  14689 |  13 | 1510.3 |
        Temple |    125 |     85 |     40 |      0 |     78 |   1 |  125.0 |
          Lair |   2761 |   2749 |     12 |     43 |   2198 |   3 |  920.3 |
               +--------+--------+--------+--------+--------+-----+--------+

Top non-repeatable levels by time:
    D:11: 2482 daAuts
    D:10: 2007 daAuts
     D:9: 1981 daAuts
     D:7: 1934 daAuts
     D:6: 1887 daAuts
  Lair:1: 1666 daAuts
     D:2: 1650 daAuts
     D:5: 1585 daAuts
     D:8: 1531 daAuts
    D:12: 1515 daAuts
     D:4: 1444 daAuts
     D:3: 833 daAuts
     D:1: 778 daAuts
  Lair:2: 644 daAuts
  Lair:3: 450 daAuts
